 Dungeon Crawl Stone Soup version 0.30-a0-373-gd37427bb62 (console) character file.

Game seed: 6085591937283035454

4 petzl the Sneak (level 1, -5/18 HPs)
             Began as a Formicid Delver on Nov 23, 2022.
             Slain by a river rat (7 damage)
             ... on level 3 of the Dungeon.
             The game lasted 00:02:03 (345 turns).

petzl the Sneak (Formicid Delver)                    Turns: 345, Time: 00:02:03

Health: -5/18      AC:  3    Str: 16    XL:     1   Next: 77%
Magic:  1/1        EV: 12    Int:  9    God:
Gold:   45         SH:  0    Dex: 15    Spells: 0/0 levels left

rFire   . . .      SeeInvis +    a - +0 mace
rCold   . . .      Faith    .    (no shield)
rNeg    . . .      Spirit   .    b - +0 leather armour
rPois   .          Reflect  .    (helmet unavailable)
rElec   .          Harm     .    (no cloak)
rCorr   .          Rampage  .    (no gloves)
Will    .....                    (no boots)
Stlth   +++.......               (no amulet)
HPRegen 0.23/turn                (no ring)
MPRegen 0.07/turn                (no ring)

@: no status effects
A: permanent stasis, dig shafts and tunnels, antennae 3, four strong arms
a: Dig, Shaft Self


You were on level 3 of the Dungeon.
You visited 1 branch of the dungeon, and saw 3 of its levels.

You collected 45 gold pieces.

Inventory:

Hand Weapons
 a - a +0 mace (weapon)
Missiles
 k - 3 boomerangs
Armour
 b - a +0 leather armour (worn)
Wands
 f - a wand of digging (3)
Scrolls
 c - a scroll of fog
 d - a scroll of magic mapping
 e - 2 scrolls of fear
 g - a scroll of identify {unknown}
 i - a scroll of blinking {unknown}
 j - a scroll of butterflies {unknown}
Potions
 h - 2 potions of brilliance {unknown}
 l - a potion of haste {unknown}


   Skills:
 + Level 3.3 Fighting
 - Level 2.0 Maces & Flails
 + Level 0.3 Armour
 + Level 1.8 Dodging
 + Level 6.1 Stealth
 + Level 0.2 Spellcasting


You couldn't memorise any spells.
You didn't know any spells.
Your spell library was empty.

Dungeon Overview and Level Annotations

Branches:
Dungeon (5/15)
 Temple: D:4-7

Altars:
Sif Muna


Innate Abilities, Weirdness & Mutations

You cannot be hasted, slowed, berserked, paralysed or teleported.
You can dig through walls and to a lower floor.
You have a pair of large antennae on your head. (SInv)
Your four strong arms can wield two-handed weapons with a shield.


Message History

You hear the sound of rushing water.
There is an entrance to a sewer on this level.
Hurry and find it before the portal rusts away!
You hear the slow rusting of a drain nearby.
The river rat bites you but does no damage.
There is a stone staircase leading down here.
You hit the river rat.
The river rat is heavily wounded.
The river rat completely misses you. The river rat bites you.
You hit the river rat but do no damage.
The river rat is heavily wounded.
The river rat bites you. The river rat attacks as you move away!
The river rat barely misses you.
Are you sure you want to shaft yourself?
The river rat barely misses you.
You begin to dig a shaft.
You continue digging a shaft.
The river rat closely misses you. A shaft appears beneath you!
You fall into a shaft and drop 1 floor!
The shaft crumbles and collapses.
Found 8 gold pieces and a red potion.
You start resting.
HP restored.
Found a robe.
You now have 45 gold pieces (gained 8).
l - a red potion
There is a stone staircase leading up here.
You climb upwards.
You hear the sound of rushing water.
There is an entrance to a sewer on this level.
Hurry and find it before the portal rusts away!
You hear the slow rusting of a drain nearby.
There is a stone staircase leading down here.
The worm closely misses you. The river rat attacks as you move away!
The river rat barely misses you. The river rat attacks as you move away!
The river rat bites you!
You closely miss the river rat. The river rat bites you!
* * * LOW HITPOINT WARNING * * *
The river rat barely misses you.
Are you sure you want to shaft yourself?
The river rat bites you!
You die...

###### #....# #....#
######## #....##### #
#......######........# #
#.....)##............# #
#......##...)........# #
#......##.....#......# #
#......##.....#......# #
#......##.....#......#
####......##.....#......##
.................+......>#
####.............#......w#
# #####.........#.#.###r#
#....###........@.#.#
#....###'##+#.#.....#
#....#..........#.###
#....#.........##.#
#....#............#
#....###..).#..#### ######
##.###..# {##~#...#
#r#.#.# #~#.#.# #~# .# #~#
#.# #~# #.#


You could see a worm and a river rat.

Vanquished Creatures
  An orc (D:3)
  A goblin (D:3)
  A bat (D:3)
  A frilled lizard (D:3)
4 creatures vanquished.

Notes
Turn   | Place    | Note
-------+----------+-------------------------------------------
     0 | D:5      | petzl the Formicid Delver began the quest for the Orb.
     0 | D:5      | Reached XP level 1. HP: 18/18 MP: 1/1
    56 | D:4      | Found a shimmering blue altar of Sif Muna.
   260 | D:3      | You fall into a shaft and drop 1 floor!
   345 | D:3      | Slain by a river rat

Illustrated notes

Levels and vault maps discovered:
D:3:      layout_basic, gup_sewer_entry_spiral
D:4:      layout_loops_corners, lemuel_round_altar, lemuel_tele_altar,
          serial_shops, shop_fountains, hex_large, kennysheep_generic_room_9
D:5:      lemuel_ratsnest, layout_loops_corners, elyvilon_altar_4,
          kennysheep_mini, nicolae_uskayaw_suspiria, serial_shops, shop,
          uniq_blork_the_orc

Action                   || total
-------------------------++-------
Melee: Mace              ||    15
 Abil: Shaft Self        ||     2
 Stab: Sleeping          ||     3
Armor: Leather armour    ||     7
Dodge: Dodged            ||     9

Table legend: (Time is in decaauts)
 A = Elapsed time spent in this place.
 B = Non-inter-level travel time spent in this place.
 C = Inter-level travel time spent in this place.
 D = Time resting spent in this place.
 E = Time spent auto-exploring this place.
 F = Levels seen in this place.
 G = Mean time per level.
                   A        B        C        D        E       F      G
               +--------+--------+--------+--------+--------+-----+--------+
         Total |    350 |    307 |     43 |     92 |     45 |   3 |  116.7 |
       Dungeon |    350 |    307 |     43 |     92 |     45 |   3 |  116.7 |
               +--------+--------+--------+--------+--------+-----+--------+

Top non-repeatable levels by time:
     D:4: 184 daAuts
     D:3: 153 daAuts
     D:5: 12 daAuts
